 Dungeon Crawl Stone Soup version 0.22-a0-247-gbddf880 (webtiles) character file.

2229757 kuniqs the Slayer (level 26, 214/288 HPs)
             Began as a Deep Dwarf Fighter on Feb 24, 2018.
             Was the Champion of Makhleb.
             Escaped with the Orb
             ... and 3 runes!
             The game lasted 01:25:49 (41034 turns).

kuniqs the Slayer (Deep Dwarf Fighter)             Turns: 41034, Time: 01:25:49

Health: 214/288    AC: 52    Str: 31    XL:     26   Next: 43%
Magic:  2/12       EV: 21    Int:  8    God:    Makhleb [******]
Gold:   3176       SH: 35    Dex: 12    Spells: 25/25 levels left

rFire    + + .     SeeInvis .   b - +9 broad axe (vamp)
rCold    + . .     Gourm    .   i - +6 large shield
rNeg     + . .     Faith    .   G - +9 scales of the Dragon King {rPois rF+ rC+ MR+}
rPois    +         Spirit   .   e - +2 helmet
rElec    +         Reflect  +   t - +4 dragonskin cloak
rCorr    +         Harm     .   F - +3 pair of gauntlets of War {Slay+5}
MR       ++++.                  S - +2 pair of boots
Stlth    ..........             j - +5 amulet of reflection
HPRegen  0.00/turn              P - ring of Lies {rPois EV+6 Stlth+}
MPRegen  0.13/turn              D - ring of Cethruost {rCorr rElec}

@: non-regenerating, hasted, very quick
A: damage resistance, heal wounds, talons 1, yellow scales 1, dopey 1, mutation
resistance 1, negative energy resistance 1, sense surroundings 3, subdued magic
2, MP-powered wands, no regeneration
0: Orb of Zot
}: 3/15 runes: serpentine, barnacled, silver
a: Heal Wounds, Minor Destruction, Lesser Servant of Makhleb, Major Destruction,
Greater Servant of Makhleb, Renounce Religion


You escaped.
You worshipped Makhleb.
Makhleb was exalted by your worship.
You were not hungry.

You visited 10 branches of the dungeon, and saw 50 of its levels.
You visited the Abyss 1 time.
You also visited: Labyrinth and Ice Cave.

You collected 4912 gold pieces.
You spent 1736 gold pieces at shops.

Inventory:

Hand Weapons
 b - a +9 vampiric broad axe (weapon)
Missiles
 T - 11 throwing nets (quivered)
Armour
 e - a +2 helmet (worn)
 i - a +6 large shield (worn)
 t - the +4 dragonskin cloak (worn)
   (You took it off Tiamat on level 5 of the Realm of Zot)
 F - the +3 pair of gauntlets of War (worn) {Slay+5}
   (You found it on level 4 of the Shoals)

   It affects your accuracy and damage with ranged weapons and melee attacks
   (+5).
 G - the +9 scales of the Dragon King (worn) {rPois rF+ rC+ MR+}
   (You found it on level 2 of the Elven Halls)

   It protects you from fire.
   It protects you from cold.
   It protects you from poison.
   It affects your resistance to hostile enchantments.
 S - a +2 pair of boots (worn)
Jewellery
 j - a +5 amulet of reflection (around neck)
 D - the ring of Cethruost (right hand) {rCorr rElec}
   (You took it off a deep elf death mage on level 3 of the Elven Halls)

   [ring of resist corrosion]

   It insulates you from electricity.
 K - the ring "Mutun" {rF+ Int+5}
   (You took it off a vault sentinel on level 5 of the Vaults)

   [ring of protection from fire]

   It affects your intelligence (+5).
   It protects you from fire.
 P - the ring of Lies (left hand) {rPois EV+6 Stlth+}
   (You took it off a deep elf annihilator on level 3 of the Elven Halls)

   [ring of evasion]

   It affects your evasion (+6).
   It protects you from poison.
   It makes you more stealthy.
Wands
 p - a wand of polymorph (93)
 v - a wand of iceblast (31)
 E - a wand of paralysis (34)
 J - a wand of digging (41)
 N - a wand of random effects (62)
 R - a wand of flame (84)
 U - a wand of disintegration (89)
 W - a wand of scattershot (7)
 X - a wand of clouds (7)
 Y - a wand of acid (7)
Scrolls
 c - 4 scrolls of blinking
 h - 5 scrolls of fear
 l - 21 scrolls of remove curse {@r2}
 n - 2 scrolls of brand weapon
 q - a scroll of identify {@r1}
 r - a scroll of summoning
 s - 11 scrolls of teleportation
 x - a scroll of enchant weapon
 y - a scroll of magic mapping
 C - a scroll of holy word
 H - 6 scrolls of immolation
 M - 10 scrolls of fog
 O - 2 scrolls of silence
Potions
 a - 3 potions of berserk rage
 d - 5 potions of might
 g - 6 potions of heal wounds
 k - 13 potions of curing {@q1}
 m - 4 potions of agility
 o - 4 potions of flight
 u - 5 potions of ambrosia
 w - 6 potions of mutation
 z - 6 potions of haste
 A - 2 potions of cancellation
 B - a potion of resistance
 L - 7 potions of lignification
 V - 5 potions of invisibility
Comestibles
 f - 62 rations


   Skills:
 + Level 26.6 Fighting
 - Level 18.0 Axes
 - Level 20.0 Armour
 - Level 20.0 Dodging
 - Level 20.0 Shields
 - Level 6.1 Invocations


You had 25 spell levels left.
You didn't know any spells.

Dungeon Overview and Level Annotations

Branches:
Dungeon (15/15)            Temple (1/1) D:7            Lair (6/6) D:10
 Shoals (4/4) Lair:4        Snake (4/4) Lair:2        Slime (0/5) Lair:6
    Orc (2/2) D:11            Elf (3/3) Orc:2        Vaults (5/5) D:13
  Crypt (0/3) Vaults:2     Depths (5/5) D:15            Zot (5/5) Depths:5

Altars:
Ashenzari
Cheibriados
Dithmenos
Elyvilon
Fedhas
Gozag
Hepliaklqana
Kikubaaqudgha
Makhleb
Nemelex Xobeh
Okawaru
Qazlal
Ru
Sif Muna
Trog
Uskayaw
Vehumet
Wu Jian
Xom
Yredelemnul
Zin
The Shining One
Beogh

Shops:
D:5 *   D:9 !   D:13 !   Orc:2 ?([=[   Elf:3 ?   Snake:1 (=   Snake:3 ?[*
Vaults:2 (   Vaults:4 !   Depths:4 }

Annotations:
D:13 1 runed door
Elf:2 3 runed doors
Zot:1 1 transporter


Innate Abilities, Weirdness & Mutations

You are resistant to damage.
You can heal yourself by infusing magical energy.
You resist negative energy. (rN+)
You passively map a large area around you.
You do not regenerate.
You have sharp toenails.
You are partially covered in yellow scales. (AC +2)
You are dopey. (Int -2)
You are somewhat resistant to further mutation.
Your spells are easier to cast, but less powerful.
You expend magic power (3 MP) to strengthen your wands.


Message History

Where to? (Enter - D:1, ? - help)
You see here a war axe.
There is a stone staircase leading up here.
You see here a tomahawk.
You climb upwards.
There is a stone staircase leading down here.
There is a stone staircase leading up here.
You climb upwards.
There is a stone staircase leading down here.
There is a stone staircase leading up here.
You climb upwards.
There is a stone staircase leading down here.
Okay, then.
You feel yourself speed up.
The rock shatters into small pieces.
The rock shatters into small pieces.
The rock shatters into small pieces.
The rock shatters into small pieces.
There is a staircase leading out of the dungeon here.
You have escaped!

#.#.#.#.# #
#.#.#.#.# ##
#.#.#.#.# ##.
#.#.#.#.# ##.#
#.#.#.#.# ##.##
#.#.#.#.# ##.##
#.#.#.#.#########.##
#................##
#...#@#.##########
#######.#
#.##############
#...............
#.############## ###


There were no monsters in sight!

Vanquished Creatures
  A seraph (D:15)
  The ghost of mortelune the Eclecticist, a legendary DsIE of Ashenzari (Zot:5)
  Mennas (Vaults:4)
  Tiamat (Zot:5)
  Mara (Shoals:4)
  2 ancient liches (Zot:5)
  5 orbs of fire (Zot:5)
  Sojobo (Vaults:2)
  Xtahua (Vaults:5)
  Boris (Vaults:2)
  Vashnia (Snake:2)
  Nikola (Elf:1)
  2 Killer Klowns (Zot:5)
  3 golden dragons
  2 bone dragons
  4 electric golems
  A Brimstone Fiend (Depths:2)
  Jorgrun (Elf:3)
  Rupert (D:13)
  An Ice Fiend (Zot:2)
  A Hell Sentinel (D:4)
  10 tentacled monstrosities
  2 deep elf blademasters (Elf:3)
  A lich (Vaults:5)
  2 quicksilver dragons
  4 titans (Vaults:5)
  24 Orb Guardians (Zot:5)
  8 sphinxes
  A kraken (Shoals:4)
  3 death cobs
  2 Executioners
  A deep elf master archer (Elf:3)
  Polyphemus (Shoals:4)
  7 tengu reavers
  11 storm dragons
  A storm dragon (shapeshifter) (Vaults:2)
  Frances (Shoals:1)
  A shadow dragon (Vaults:5)
  3 draconian monks
  Ilsuiw (Shoals:4)
  7 fire giants
  Donald (Shoals:4)
  9 nagarajas
  A daeva (Abyss:2)
  8 frost giants
  Aizul (Snake:4)
  3 draconian knights
  An iron dragon (shapeshifter) (Depths:2)
  Louise (Snake:2)
  2 draconian scorchers
  An orc warlord (Vaults:5)
  3 iron dragons (Vaults:5)
  14 vault wardens
  A ghost moth (Zot:5)
  6 deep elf sorcerers
  3 draconian stormcallers
  A draconian annihilator (Zot:1)
  7 deep elf elementalists
  3 draconian shifters (Zot:5)
  14 ironheart preservers
  12 stone giants
  2 spriggan defenders
  8 very ugly things
  A lorocyproca (Depths:2)
  4 green draconians
  9 deep elf demonologists
  6 white draconians
  2 minotaurs
  4 red draconians
  3 black draconians
  7 yellow draconians (Zot:5)
  14 deep elf annihilators
  The ghost of varam the Unseen, a journeyman SpEn of Gozag (Orc:2)
  3 purple draconians (Zot:5)
  A spark wasp (Depths:2)
  6 merfolk javelineers
  Snorg (D:12)
  7 fire dragons
  3 deep elf high priests (Elf:3)
  A crystal guardian (Depths:2)
  9 ettins
  9 merfolk impalers
  9 deep elf death magi
  Josephine (Orc:2)
  37 vault guards
  A fire dragon (shapeshifter) (Vaults:4)
  Fannar (D:11)
  19 naga warriors
  17 yaktaur captains
  17 ogre magi
  2 rakshasas
  7 great orbs of eyes
  7 ice dragons
  7 spriggan air magi
  A juggernaut simulacrum (Depths:2)
  7 hydras
  2 merfolk avatars
  17 centaur warriors
  A catoblepas (Shoals:4)
  2 satyrs
  3 deep troll shamans (Vaults:3)
  18 dancing weapons
  3 merfolk aquamancers (Shoals:4)
  49 two-headed ogres
  6 deep troll earth magi
  2 alligator snapping turtles (Shoals:3)
  11 anacondas
  4 death yaks (Shoals:4)
  9 shock serpents
  3 death knights
  2 spriggan berserkers
  An orc high priest (Elf:1)
  12 naga sharpshooters
  A sun demon (Zot:1)
  3 small abominations (Elf:3)
  A soul eater (Depths:5)
  26 deep elf knights
  A hell knight (Depths:2)
  Nergalle (D:11)
  6 shadow wraiths
  The ghost of KarmaPolice the Skirmisher, a novice DsAK of Lugonu (D:6)
  3 salamander mystics
  The ghost of Duffy the Cleaver, a novice VSAr of Makhleb (D:9)
  8 skeletal warriors
  7 deep trolls
  6 unseen horrors
  2 glowing orange brains
  2 deep trolls (shapeshifter) (Vaults:5)
  2 flayed ghosts
  8 wizards
  23 sea snakes
  A necromancer (Vaults:3)
  16 deep elf archers
  Pikel (D:4)
  11 naga ritualists
  25 ironbrand convokers
  11 mana vipers
  24 harpies
  3 phantasmal warriors (Vaults:5)
  69 deep elf magi
  10 cyclopes
  16 orc knights
  A mana viper (shapeshifter) (Depths:2)
  2 orb spiders (shapeshifter)
  11 fauns
  4 wolf spiders
  5 orc sorcerers
  32 ugly things
  A faun (shapeshifter) (Vaults:5)
  2 oklob plants (Shoals:1)
  12 salamanders
  9 manticores
  8 moths of wrath
  2 human skeletons (Vaults:3)
  3 guardian serpents
  36 black mambas
  2 ice statues (IceCv)
  7 merfolk sirens
  An eye of devastation (shapeshifter) (Vaults:4)
  A guardian serpent (shapeshifter) (Vaults:5)
  11 elephants
  Psyche (D:8)
  3 centaur zombies (D:13)
  8 water nymphs
  14 vault sentinels
  A gargoyle (D:13)
  4 centaur skeletons
  21 naga magi
  11 spiny frogs
  A torpor snail (Lair:5)
  A torpor snail (shapeshifter) (Vaults:5)
  A rime drake (shapeshifter) (Depths:1)
  An efreet (Depths:2)
  3 rime drakes
  31 yaktaurs
  7 komodo dragons
  2 yaktaurs (shapeshifter)
  9 freezing wraiths
  2 tengu conjurers (Depths:5)
  5 polar bears
  A queen bee (Lair:1)
  A hornet (shapeshifter) (Vaults:1)
  3 trolls
  43 merfolk
  3 meliai (Shoals:2)
  A tyrant leech (shapeshifter) (Vaults:5)
  8 wind drakes
  9 hornets
  Grinder (D:6)
  4 raiju (Abyss:2)
  12 snapping turtles
  21 blink frogs
  21 slime creatures
  13 dream sheep
  15 hippogriffs
  4 air elementals
  A spriggan (shapeshifter) (Vaults:1)
  3 shadows
  16 spriggans
  4 wraiths
  4 wyverns
  5 water elementals
  29 yaks
  A ynoxinul (Depths:5)
  2 yaks (shapeshifter)
  A vampire (Snake:3)
  A fire bat (shapeshifter) (Vaults:4)
  2 fire elementals
  A golden eye (shapeshifter) (D:13)
  A steam dragon (D:14)
  Eustachio (D:6)
  A yaktaur simulacrum (Vaults:3)
  3 basilisks
  A chaos spawn (Depths:2)
  A warg (shapeshifter) (Vaults:5)
  6 hungry ghosts
  A soldier ant (D:13)
  4 large abominations
  42 nagas
  5 wargs
  A soldier ant (shapeshifter) (Vaults:3)
  7 water moccasins
  A floating eye (shapeshifter) (Depths:4)
  2 hell hounds (D:10)
  2 acid dragons
  10 porcupines
  A black bear (shapeshifter) (Vaults:5)
  2 sky beasts
  An ettin simulacrum (Vaults:2)
  56 orc warriors
  4 phantoms
  A sky beast (shapeshifter) (Vaults:2)
  2 necrophages
  4 boggarts (Lair:6)
  4 black bears
  9 ice beasts
  53 ogres
  18 wolves (Lair:6)
  2 eyes of draining
  31 centaurs
  14 crocodiles
  Blork the orc (D:6)
  A big kobold (D:7)
  16 bullfrogs
  2 elf simulacra
  A wyvern skeleton (D:12)
  9 scorpions
  5 wights (Abyss:2)
  14 killer bees (Lair:1)
  A snapping turtle simulacrum (Abyss:2)
  An electric eel (Snake:3)
  5 howler monkeys
  7 crimson imps
  3 bullfrog zombies
  A hound (shapeshifter) (Vaults:5)
  9 hounds
  6 jellies
  16 orc priests
  3 bullfrog skeletons
  9 worker ants
  3 iguanas
  Ijyb (D:3)
  7 hell rats (Lair:5)
  31 orc wizards
  2 worker ant zombies
  11 adders
  5 shadow imps
  A white imp (Vaults:1)
  An ufetubus (Abyss:2)
  2 oozes (D:2)
  2 adder skeletons
  3 worms
  6 dart slugs
  7 leopard geckos
  100 orcs
  A ball python (shapeshifter) (Vaults:5)
  5 bats
  5 giant cockroaches
  6 goblins
  9 hobgoblins
  17 jackals
  12 kobolds
  4 quokkas
  A ball python (D:8)
  4 frilled lizards (D:1)
  A leopard gecko skeleton (D:5)
  2 quokka skeletons (D:7)
  7 rats
  A bush (D:11)
  2 crawling corpses (Elf:3)
  5 fungi
  16 plants
  4 tentacles (Shoals:4)
2075 creatures vanquished.

Vanquished Creatures (collateral kills)
  Gastronok (D:10)
  A hydra (Lair:1)
  Harold (Lair:1)
  An orc high priest (Orc:2)
  A crocodile (Lair:1)
5 creatures vanquished.

Vanquished Creatures (others)
  A fire giant (Depths:2)
  3 stone giants
  A merfolk impaler (Shoals:4)
  3 merfolk javelineers (Shoals:4)
  3 yaktaur captains
  A two-headed ogre (Vaults:3)
  3 centaur warriors
  5 naga sharpshooters
  A deep elf archer (Elf:3)
  A large abomination (Zot:1)
  An orc knight (Orc:2)
  2 cyclopes
  3 fauns
  14 yaktaurs
  A slime creature (D:14)
  5 dream sheep (Lair:4)
  2 ogres
  14 centaurs
  4 orcs
  15 fungi
  13 plants
  2 tentacles (Shoals:4)
98 creatures vanquished.

Grand Total: 2178 creatures vanquished

Notes
Turn   | Place    | Note
-------+----------+-------------------------------------------
     0 | D:1      | kuniqs the Deep Dwarf Fighter began the quest for the Orb.
     0 | D:1      | Reached XP level 1. HP: 20/20 MP: 1/1
   168 | D:1      | Reached XP level 2. HP: 27/27 MP: 2/2
   497 | D:1      | Reached skill level 1 in Dodging
   546 | D:1      | Reached XP level 3. HP: 30/33 MP: 3/3
   680 | D:1      | Reached skill level 3 in Fighting
  1181 | D:2      | Reached XP level 4. HP: 37/42 MP: 4/4
  1367 | D:2      | Reached XP level 5. HP: 31/49 MP: 5/5
  2149 | D:3      | Noticed Ijyb
  2220 | D:3      | Killed Ijyb
  2572 | D:4      | Reached XP level 6. HP: 49/56 MP: 6/6
  2587 | D:4      | Noticed a slave
  2589 | D:4      | Noticed Pikel
  2590 | D:4      | Noticed a slave
  2590 | D:4      | Noticed a slave
  2595 | D:4      | Noticed a slave
  2605 | D:4      | Killed Pikel
  2605 | D:4      | Reached skill level 4 in Fighting
  2605 | D:4      | Reached skill level 5 in Armour
  2605 | D:4      | Reached skill level 5 in Shields
  2605 | D:4      | Reached XP level 7. HP: 56/64 MP: 7/7
  3213 | D:4      | Reached skill level 5 in Axes
  3213 | D:4      | Reached XP level 8. HP: 68/73 MP: 7/7
  3430 | D:5      | Entered Level 5 of the Dungeon
  3529 | D:5      | Found a basalt altar of Yredelemnul.
  3583 | D:5      | Found Hizab's Assorted Antiques.
  3586 | D:5      | Bought a scroll labeled LATOUSMU MYUF for 26 gold pieces
  3586 | D:5      | Bought a white potion for 23 gold pieces
  3778 | D:5      | Reached skill level 5 in Fighting
  3816 | D:5      | Reached skill level 5 in Dodging
  4018 | D:6      | Noticed KarmaPolice's ghost (novice DsAK)
  4203 | D:6      | Noticed Eustachio
  4217 | D:6      | Killed Eustachio
  4217 | D:6      | Gained mutation: You passively map the area around you. [Deep Dwarf growth]
  4217 | D:6      | Reached XP level 9. HP: 72/81 MP: 5/5
  4228 | D:6      | Killed Blork the orc
  4258 | D:6      | Noticed Grinder
  4268 | D:6      | Killed Grinder
  4417 | D:7      | Found a staircase to the Ecumenical Temple.
  4425 | Temple   | Entered the Ecumenical Temple
  4463 | Temple   | Became a worshipper of Makhleb the Destroyer
  4861 | D:8      | Reached skill level 1 in Invocations
  4866 | D:8      | Reached skill level 6 in Fighting
  4983 | D:8      | Reached * piety under Makhleb
  5443 | D:8      | Noticed Psyche
  5456 | D:8      | Paralysed by something for 7 turns
  5469 | D:8      | Killed Psyche
  5469 | D:8      | Reached XP level 10. HP: 63/92 MP: 7/7
  5961 | D:9      | Noticed Duffy's ghost (novice VSAr)
  5978 | D:9      | Killed Duffy's ghost
  6042 | D:7      | Noticed a two-headed ogre
  6048 | D:7      | Killed a two-headed ogre
  6251 | D:9      | Reached ** piety under Makhleb
  6307 | D:9      | Reached skill level 5 in Invocations
  6381 | D:9      | Reached skill level 7 in Fighting
  6547 | D:9      | Got a bound marble ring
  6599 | D:9      | Found Ciemoh's Distillery.
  6835 | D:10     | Entered Level 10 of the Dungeon
  6847 | D:10     | Noticed Gastronok
  6930 | D:5      | Bought a pair of runed gloves for 195 gold pieces
  7215 | D:10     | Found a staircase to the Lair.
  7246 | D:11     | Identified the ring of Leuth {rN+ Dex+2} (You found it on level 9 of the Dungeon)
  7384 | D:11     | Found a staircase to the Orcish Mines.
  7405 | D:11     | Noticed a manticore
  7420 | D:11     | Killed a manticore
  7420 | D:11     | Reached XP level 11. HP: 84/100 MP: 10/10
  7424 | D:11     | Found a labyrinth entrance.
  7434 | Lab      | Entered a labyrinth
  7570 | Lab      | Noticed a minotaur
  7600 | Lab      | Killed a minotaur
  7602 | Lab      | Got a pitted diamond amulet
  7634 | D:11     | Noticed a two-headed ogre
  7642 | D:11     | Killed a two-headed ogre
  7768 | D:11     | Reached *** piety under Makhleb
  7814 | D:11     | Noticed Fannar
  7866 | D:11     | Killed Fannar
  7948 | D:11     | Noticed Nergalle
  7989 | D:11     | Killed Nergalle
  8347 | D:10     | Reached skill level 8 in Fighting
  8496 | D:10     | Reached **** piety under Makhleb
  8512 | Lair:1   | Entered Level 1 of the Lair of Beasts
  8653 | Lair:1   | Noticed Harold
  8657 | Lair:1   | Noticed an eight-headed hydra
  8676 | Lair:1   | Killed Harold
  8681 | Lair:1   | Killed an eight-headed hydra
  9000 | Lair:1   | Reached skill level 10 in Shields
  9000 | Lair:1   | Reached XP level 12. HP: 80/112 MP: 10/10
  9163 | Lair:1   | Reached skill level 10 in Armour
  9310 | Lair:2   | Found a staircase to the Snake Pit.
  9355 | Lair:2   | Noticed a seven-headed hydra
  9368 | Lair:2   | Killed a nine-headed hydra
  9560 | Lair:2   | Reached skill level 10 in Axes
  9884 | Lair:2   | You fall through a shaft!
 10359 | Lair:3   | Reached skill level 10 in Dodging
 10493 | Lair:3   | Reached skill level 9 in Fighting
 10563 | Lair:3   | Identified the amulet of Prescription {+Rage Dex+4} (You found it in a labyrinth)
 10937 | Lair:4   | Found a staircase to the Shoals.
 11086 | Lair:4   | Found a shimmering altar of Xom.
 11194 | Lair:4   | Got a jewelled scale mail
 11205 | Lair:4   | Identified the +5 scale mail "Zonim" {Regen+ Str-2 Int+4 Stlth+} (You found it on level 4 of the Lair of Beasts)
 11550 | Lair:5   | Noticed a seven-headed hydra
 11571 | Lair:5   | Killed an eight-headed hydra
 11571 | Lair:5   | Reached XP level 13. HP: 84/121 MP: 10/10
 11741 | Lair:5   | Gained mutation: Your spells are a little easier to cast, but a little less powerful. [potion of mutation]
 11741 | Lair:5   | Gained mutation: You are clumsy. (Dex -2) [potion of mutation]
 11741 | Lair:5   | Gained mutation: You have sharp toenails. [potion of mutation]
 11741 | Lair:5   | Gained mutation: You are partially covered in yellow scales. (AC +2) [potion of mutation]
 11806 | Lair:5   | Reached ***** piety under Makhleb
 12257 | Lair:6   | Entered Level 6 of the Lair of Beasts
 12569 | Lair:6   | Reached skill level 10 in Fighting
 12755 | Lair:6   | Found a staircase to the Slime Pits.
 13567 | Lair:6   | Gained mutation: You resist negative energy. (rN+) [Deep Dwarf growth]
 13567 | Lair:6   | Reached XP level 14. HP: 133/133 MP: 10/10
 14052 | D:10     | Killed Gastronok
 14562 | D:6      | Killed KarmaPolice's ghost
 15001 | Orc:1    | Entered Level 1 of the Orcish Mines
 15142 | Orc:2    | Entered Level 2 of the Orcish Mines
 15191 | Orc:2    | Found a roughly hewn altar of Beogh.
 15269 | Orc:1    | Found a roughly hewn altar of Beogh.
 15599 | Orc:2    | Found a staircase to the Elven Halls.
 15613 | Orc:2    | Found Erghownui's Magic Scroll Boutique.
 15623 | Orc:2    | Noticed varam's ghost (journeyman SpEn)
 15632 | Orc:2    | Reached ****** piety under Makhleb
 15647 | Orc:2    | Killed varam's ghost
 15772 | Orc:2    | Noticed Josephine
 15793 | Orc:2    | Killed Josephine
 16035 | Orc:2    | Found a roughly hewn altar of Beogh.
 16233 | Orc:2    | Found Ylapen's Armour Shop.
 16233 | Orc:2    | Found Veptorhi's Jewellery Shoppe.
 16235 | Orc:2    | Found Nodaor's Antique Armour Emporium.
 16237 | Orc:2    | Found Kuywuisk's Antique Weapon Boutique.
 16254 | Orc:2    | Bought a pair of polished gloves for 323 gold pieces
 16264 | Orc:2    | Identified the +2 pair of gloves of Eternal Vigilance {rF- Dex+2 Stlth+} (You bought it in a shop on level 2 of the Orcish Mines)
 16934 | D:12     | Reached skill level 11 in Fighting
 16947 | D:12     | Found a stormy altar of Qazlal.
 17113 | D:12     | Noticed Snorg
 17133 | D:12     | Killed Snorg
 17563 | D:13     | Found a gate to the Vaults.
 17654 | D:13     | Found Folaq's Distillery.
 17682 | D:13     | Bought a potion of berserk rage for 80 gold pieces
 17725 | D:13     | Found a runed door.
 17725 | D:13     | Noticed a storm dragon
 17727 | D:13     | Noticed a storm dragon
 17727 | D:13     | Noticed a tengu reaver
 17727 | D:13     | Noticed a fire giant
 17817 | D:13     | Noticed Rupert
 17845 | D:13     | Killed Rupert
 17928 | D:13     | Reached XP level 15. HP: 117/142 MP: 10/10
 18509 | D:14     | Found a frozen archway.
 18531 | IceCv    | Entered an ice cave
 18532 | IceCv    | Found a transporter.
 19183 | D:15     | Entered Level 15 of the Dungeon
 19659 | D:15     | Found a staircase to the Depths.
 19942 | Orc:2    | Bought a scroll of enchant weapon for 105 gold pieces
 20088 | D:5      | Bought a scroll of enchant weapon for 195 gold pieces
 20219 | Snake:1  | Entered Level 1 of the Snake Pit
 20240 | Snake:1  | Reached skill level 12 in Fighting
 20273 | Snake:1  | Found Bucifruh's Jewellery Shop.
 20522 | Snake:1  | Found Keam's Antique Weapon Shop.
 20831 | Snake:1  | Reached XP level 16. HP: 150/152 MP: 0/10
 21140 | Snake:2  | Noticed Louise
 21174 | Snake:2  | Killed Louise
 21546 | Snake:2  | Noticed Vashnia
 21614 | Snake:2  | Killed Vashnia
 21917 | Snake:2  | Got a bone hand axe
 21918 | Snake:2  | Identified the cursed +0 hand axe of the Extremely Mad {speed, rPois MP+9 Int-3 Dex+5} (You found it on level 2 of the Snake Pit)
 22091 | Snake:3  | Found Yrghem's Magic Scroll Shop.
 22095 | Snake:3  | Found Pefoh's Assorted Antiques.
 22108 | Snake:3  | Bought a scroll of brand weapon for 340 gold pieces
 22143 | Snake:3  | Found Kocsy's Armour Boutique.
 22371 | Snake:3  | Reached skill level 15 in Shields
 22394 | Snake:3  | Reached skill level 15 in Armour
 22562 | Snake:3  | Reached skill level 13 in Fighting
 22592 | Snake:3  | Reached skill level 15 in Axes
 22592 | Snake:3  | Reached XP level 17. HP: 163/163 MP: 11/11
 22617 | Snake:3  | Cast into level 2 of the Abyss (naga mage)
 22628 | Abyss:2  | Noticed a bone dragon
 22663 | Abyss:2  | Killed a bone dragon
 22913 | Snake:3  | Escaped the Abyss
 23490 | Snake:4  | Entered Level 4 of the Snake Pit
 23655 | Snake:4  | Reached skill level 15 in Dodging
 24099 | Snake:4  | Noticed Aizul
 24133 | Snake:4  | Killed Aizul
 24444 | Snake:4  | Identified the cursed +1 plate armour "Ocupi" {*Contam rF- MP+9 Stlth+} (You found it on level 4 of the Snake Pit)
 24794 | Snake:4  | Got a serpentine rune of Zot
 25029 | Shoals:1 | Entered Level 1 of the Shoals
 25123 | Shoals:1 | Got a bound steel ring
 25124 | Shoals:1 | Identified the ring "Visara" {rF+ Str+5 Int+3 Stlth+} (You found it on level 1 of the Shoals)
 25132 | Shoals:1 | Noticed Frances
 25146 | Shoals:1 | Killed Frances
 25270 | Shoals:1 | Gained mutation: You passively map a large area around you. [Deep Dwarf growth]
 25270 | Shoals:1 | Reached XP level 18. HP: 174/174 MP: 12/12
 25502 | Shoals:1 | Got a shimmering brass ring
 25503 | Shoals:1 | Identified the ring of Democracy {*Slow rElec rF+ MP+9} (You found it on level 1 of the Shoals)
 25889 | Shoals:2 | Found a hide-covered altar of Uskayaw.
 26416 | Shoals:3 | Reached skill level 14 in Fighting
 27255 | Shoals:4 | Entered Level 4 of the Shoals
 27255 | Shoals:4 | Noticed Donald
 27270 | Shoals:4 | Killed Donald
 27489 | Shoals:4 | Found the +3 pair of gauntlets of War {Slay+5}
 27538 | Shoals:4 | Noticed Polyphemus
 27586 | Shoals:4 | Killed Polyphemus
 27599 | Shoals:4 | Noticed Ilsuiw
 27679 | Shoals:4 | Killed Ilsuiw
 27843 | Shoals:4 | Noticed Mara
 27852 | Shoals:4 | Noticed kuniqs's illusion
 27972 | Shoals:4 | Noticed kuniqs's illusion
 27991 | Shoals:4 | Killed Mara
 27991 | Shoals:4 | Reached XP level 19. HP: 156/183 MP: 13/13
 28040 | Shoals:4 | Got a barnacled rune of Zot
 28726 | Elf:1    | Entered Level 1 of the Elven Halls
 28974 | Elf:1    | Noticed Nikola
 29017 | Elf:1    | Killed Nikola
 29759 | Elf:2    | Found the +9 scales of the Dragon King {rPois rF+ rC+ MR+}
 29914 | Elf:2    | Found a runed gate.
 29915 | Elf:2    | Found a runed gate.
 29916 | Elf:2    | Found a runed gate.
 30234 | Elf:3    | Entered Level 3 of the Elven Halls
 30283 | Elf:3    | Reached skill level 15 in Fighting
 30751 | Elf:3    | Found Ashit's Magic Scroll Shop.
 30758 | Elf:3    | Bought a scroll of enchant armour for 97 gold pieces
 30758 | Elf:3    | Bought a scroll of enchant weapon for 97 gold pieces
 30880 | Elf:3    | Noticed a Tzitzimitl
 30960 | Elf:3    | Reached XP level 20. HP: 194/194 MP: 13/13
 31012 | Elf:3    | Noticed Jorgrun
 31025 | Elf:3    | Killed Jorgrun
 31113 | Elf:3    | Got a sparkling silver ring
 31171 | Elf:3    | Got a scintillating copper ring
 31173 | Elf:3    | Identified the ring of Cethruost {rCorr rElec} (You took it off a deep elf death mage on level 3 of the Elven Halls)
 31178 | Elf:3    | Identified the ring of Lies {rPois EV+6 Stlth+} (You took it off a deep elf annihilator on level 3 of the Elven Halls)
 31222 | Elf:3    | Identified the -4 pair of boots "Gatemp" {rCorr Slay+3} (You found it on level 3 of the Elven Halls)
 31489 | Vaults:1 | Entered Level 1 of the Vaults
 32877 | Vaults:2 | Noticed Sojobo
 32891 | Vaults:2 | Killed Sojobo
 32891 | Vaults:2 | Reached XP level 21. HP: 204/204 MP: 13/13
 32956 | Vaults:2 | Reached skill level 16 in Fighting
 33111 | Vaults:2 | Found Feet's Antique Weapon Emporium.
 33192 | Vaults:2 | Bought a smoking war axe for 255 gold pieces
 33192 | Vaults:2 | Identified the +3 war axe "Hellblazer" {freeze, rElec Dex+2} (You bought it in a shop on level 2 of the Vaults)
 33502 | Vaults:2 | Noticed Boris
 33518 | Vaults:2 | Killed Boris
 33914 | Vaults:2 | Found a staircase to the Crypt.
 35003 | Vaults:3 | Reached XP level 22. HP: 216/216 MP: 14/14
 35458 | Vaults:4 | Reached skill level 17 in Fighting
 35503 | Vaults:4 | Found Elun's Distillery.
 35956 | Vaults:4 | Noticed Mennas
 36024 | Vaults:4 | Killed Mennas
 36513 | Vaults:5 | Entered Level 5 of the Vaults
 36520 | Vaults:5 | Noticed Xtahua
 36540 | Vaults:5 | Killed Xtahua
 36577 | Vaults:5 | Reached skill level 18 in Fighting
 36653 | Vaults:5 | Reached XP level 23. HP: 228/228 MP: 15/15
 36802 | Vaults:5 | Reached skill level 19 in Fighting
 36881 | Vaults:5 | Identified the +7 war axe "Sonywexoxy" {drain, Int+4} (You found it on level 5 of the Vaults)
 37293 | Vaults:5 | Reached skill level 20 in Fighting
 37411 | Vaults:5 | Got a silver rune of Zot
 37872 | Vaults:5 | Got a pitted platinum ring
 38307 | Depths:1 | Entered Level 1 of the Depths
 38367 | Depths:1 | Reached skill level 21 in Fighting
 38402 | Depths:1 | Reached XP level 24. HP: 241/249 MP: 15/15
 38825 | Depths:4 | Found Panireclyl's Gadget Boutique.
 38981 | Depths:4 | Reached skill level 22 in Fighting
 39097 | Depths:5 | Entered Level 5 of the Depths
 39292 | Depths:5 | Found a gate to the Realm of Zot.
 39329 | Zot:1    | Entered Level 1 of the Realm of Zot
 39332 | Zot:1    | Found a transporter.
 39365 | Zot:1    | Reached skill level 23 in Fighting
 39454 | Zot:5    | Entered Level 5 of the Realm of Zot
 39491 | Zot:5    | Noticed mortelune's ghost (legendary DsIE)
 39534 | Zot:5    | Killed mortelune's ghost
 39534 | Zot:5    | Reached XP level 25. HP: 265/265 MP: 15/15
 39671 | Zot:5    | Noticed an ancient lich
 39672 | Zot:5    | Noticed an ancient lich
 39684 | Zot:5    | Killed an ancient lich
 39688 | Zot:5    | Killed an ancient lich
 39688 | Zot:5    | Reached skill level 24 in Fighting
 39857 | Zot:5    | Noticed Tiamat
 39941 | Zot:5    | Killed Tiamat
 39963 | Zot:5    | Identified a scroll of acquirement
 39968 | Zot:5    | Reached skill level 25 in Fighting
 39976 | Zot:5    | Noticed an orb of fire
 39989 | Zot:5    | Gained mutation: You expend magic power (3 MP) to strengthen your wands. [an orb of fire]
 39993 | Zot:5    | Gained mutation: You are somewhat resistant to further mutation. [an orb of fire]
 40009 | Zot:5    | Killed an orb of fire
 40030 | Zot:5    | Noticed an orb of fire
 40052 | Zot:5    | Gained mutation: You are occasionally teleported next to monsters. [an orb of fire]
 40059 | Zot:5    | Gained mutation: Scrolls take you a little longer to read. [an orb of fire]
 40064 | Zot:5    | Gained mutation: You are dopey. (Int -2) [an orb of fire]
 40066 | Zot:5    | Killed an orb of fire
 40126 | Zot:5    | Identified the ring "Mutun" {rF+ Int+5} (You took it off a vault sentinel on level 5 of the Vaults)
 40162 | Zot:5    | Lost mutation: Scrolls take you a little longer to read. [potion of mutation]
 40162 | Zot:5    | Lost mutation: You are occasionally teleported next to monsters. [potion of mutation]
 40162 | Zot:5    | Lost mutation: You are clumsy. (Dex -2) [potion of mutation]
 40163 | Zot:5    | Noticed an orb of fire
 40182 | Zot:5    | Killed an orb of fire
 40182 | Zot:5    | Reached XP level 26. HP: 284/284 MP: 15/15
 40187 | Zot:5    | Noticed an orb of fire
 40200 | Zot:5    | Gained mutation: Your spells are easier to cast, but less powerful. [an orb of fire]
 40213 | Zot:5    | Killed an orb of fire
 40237 | Zot:5    | Reached skill level 26 in Fighting
 40279 | Zot:5    | Got the Orb of Zot
 40281 | Zot:5    | Noticed an orb of fire
 40294 | Zot:5    | Killed an orb of fire
 40684 | Depths:1 | Noticed a seraph
 40749 | D:15     | Killed a seraph
 40781 | D:15     | Noticed Haul the pandemonium lord
 40783 | D:15     | Noticed Etwatwau the pandemonium lord
 41034 | D:$      | Escaped with the Orb!

Vault maps used:
D:1:      wheals_arrival_linesprint, roderic_lattice_a
D:3:      hex_medium, uniq_ijyb
D:4:      first_ration, uniq_pikel
D:5:      lemuel_crystal_altar, serial_shops, nicolae_shop_behind_doors
D:6:      uniq_grinder, uniq_eustachio, uniq_blork_the_orc
D:7:      kb_forest_paths, minmay_temple_entry_glassed_door
D:8:      uniq_psyche
D:9:      serial_shops, shop
D:10:     minmay_lair_entry_lava, uniq_gastronok
D:11:     david_orc_2, lab_entry_generic, hangedman_fish_farm,
          kb_lookout_dungeons_type, uniq_fannar, uniq_nergalle
D:12:     basic_altar, uniq_snorg
D:13:     minmay_gate_of_8, lightli_vaults_fourway_checkpoint, serial_shops,
          shop_coins, uniq_rupert
D:14:     portal_ice_cave_rime
D:15:     grunt_enter_depths_snipers, corexii_corridor_pit,
          statue_in_the_mist_lemuel, feat_on_display
Temple:   nicolae_temple_the_god_donut
Lair:1:   special_room, infiniplex_staircase_pool, lemuel_fruit_tree,
          uniq_harold
Lair:2:   dummy_snake_entry
Lair:4:   elwin_shoals_entry_rocks, st_stairs_13, kb_xom_exploding_sheep
Lair:5:   grunt_megastairs_1
Lair:6:   minmay_lair_end_enchanted_forest, dpeg_slime_entry_corner
Shoals:1: nicolae_shoals_this_corrosion, uniq_frances
Shoals:2: regret_index_shoals_crete
Shoals:4: shoals_end_simple, shoal_ilsuiw, uniq_mara, uniq_donald,
          uniq_polyphemus
Snake:1:  serial_shops, shop, shop
Snake:2:  spider_trap, st_stairs_13, uniq_louise, uniq_vashnia
Snake:3:  serial_shops, nicolae_shop_crystal, spider_trap,
          serial_bayou_lagoon_b, minmay_shoptagon
Snake:4:  snake_pit, serial_bayou_shore_b, uniq_aizul
Orc:1:    basic_altar
Orc:2:    st_orc_rangers, basic_altar, serial_shops, shop_statue,
          bh_open_orc_temple, uniq_josephine
Elf:1:    minmay_elf_arrival_plus, hangedman_elven_crosses_minicolossus,
          corexii_checkpoint_b, st_stairs_6, uniq_nikola
Elf:2:    corner_web_ring
Elf:3:    minmay_elf_hall_dome, serial_shops, shop_fountains, uniq_jorgrun
Vaults:1: hangedman_vaults_stream, v_misc_10, v_rooms_3, ontoclasm_vaults_eye,
          nicolae_vaults_windows_and_doors_thing, ontoclasm_vaults_hangar,
          serial_ice_h
Vaults:2: blue_anna_dwarven_crypt, nicolae_vaults_big_ls,
          nicolae_vaults_what_the_h, nicolae_vaults_alarming, v_alt_pattern_3,
          v_misc_1, v_misc_26, nicolae_vaults_specimen_jars,
          nicolae_vaults_little_squares_5, nicolae_vaults_diagonal_hallway_6,
          serial_shops, shop, uniq_boris, uniq_sojobo
Vaults:3: ontoclasm_vaults_loading_screen, vaults_mumra_chevron_long,
          hangedman_vaults_nodes, v_misc_5, vaults_room_fours,
          nicolae_vaults_angled_halls, v_misc_11, hangedman_vaults_river_flow,
          nicolae_vaults_c_with_doors, ontoclasm_vaults_tryst,
          nicolae_vaults_mini_display_case, grunt_vaults_focal, vaults_mumra_lcd
Vaults:4: dpeg_vaults_waves, grunt_vaults_swirl, hangedman_vaults_nails,
          nicolae_vaults_shelves_hall, vaults_dpeg_hooks, v_misc_18,
          ontoclasm_vaults_hangar, vaults_room_semicircle,
          nicolae_vaults_yaktaur_gun_rack, hangedman_vaults_snaps,
          hangedman_vaults_maws, serial_shops, nicolae_shop_crystal, uniq_mennas
Vaults:5: uniq_xtahua
Depths:1: hangedman_geh_valley, nrook_pool_corridor, grunt_ministairs_11,
          lightli_minifort
Depths:2: hangedman_crystal_crosses_colossus, abyss_entry, hell_entry,
          serial_shops
Depths:3: kennysheep_funnel, enter_ziggurat_f, grunt_pan_entry_spiral,
          pf_hell_entry_tar_river, minmay_fountain_box, kennysheep_four_rooms
Depths:4: nicolae_whirlpool, minmay_misc_feat_cross, hell_entry,
          hangedman_abyss_entry_splay, serial_shops, shop,
          infiniplex_staircase_split_hallway
Depths:5: grunt_zot_entry_bicorn, grunt_mini_vestibule,
          minmay_misc_feat_encased, serial_shops, nicolae_shop_trees
Zot:1:    gammafunk_dig_for_victory, st_stairs_11, hangedman_zot_spectrum
Zot:2:    kennysheep_spiral_hall, amethyst_zot_foddershock
Zot:4:    grunt_ministairs_15
Zot:5:    st_stairs_8, uniq_tiamat
Abyss:2:  evilmike_abyss_exit_17, bh_abyss_xom_lugonu_altar
IceCv:    ice_cave_statue_garden_teleport

Skill      XL: |  1  2  3  4  5  6  7  8  9 10 11 12 13 14 15 16 17 18 19 20 21 22 23 24 25 26 |
---------------+-------------------------------------------------------------------------------+-----
Dodging        | 1 2 3 4 5 6 7 9 10 11 12 13 14 15 16 17 18 19 20 | 20.0
Fighting       | 3 4 5 6 7 8 9 10 11 12 13 14 15 16 18 21 23 25 26 | 26.6
Axes           | 3 4 5 6 7 8 9 10 12 13 14 15 16 17 18 | 18.0
Armour         | 4 5 6 7 8 9 11 12 13 14 15 16 17 18 19 20 | 20.0
Shields        | 4 5 6 7 8 10 11 12 13 14 15 16 17 18 19 20 | 20.0
Invocations    | 3 5 6 |  6.1

Action                   |  1- 3 |  4- 6 |  7- 9 | 10-12 | 13-15 | 16-18 | 19-21 | 22-24 | 25-27 || total
-------------------------+-------+-------+-------+-------+-------+-------+-------+-------+-------++-------
Melee: War axe           |   115 |   100 |   441 |  1012 |  1652 |       |       |       |       ||  3320
       Unarmed           |       |     1 |       |       |       |       |       |       |       ||     1
       Whip              |       |       |       |    24 |    44 |       |       |       |       ||    68
       Kick              |       |       |       |       |   447 |       |       |       |       ||   447
       Broad axe         |       |       |       |       |   126 |  2144 |  1448 |  1573 |   608 ||  5899
Throw: Throwing net      |       |       |       |     1 |       |       |       |       |       ||     1
Invok: Lesser Servant of |       |       |       |     3 |     6 |       |       |       |       ||     9
 Abil: Heal Wounds       |       |     1 |    14 |    16 |    15 |     1 |     4 |       |    12 ||    63
Evoke: Wand              |       |     4 |     6 |    12 |    10 |     4 |     5 |     1 |     4 ||    46
  Use: Scroll            |     1 |     8 |     3 |     7 |    23 |     6 |    14 |    14 |     3 ||    79
       Potion            |       |       |       |     1 |     3 |     1 |     1 |       |     7 ||    13
 Stab: Distracted        |       |       |       |     3 |       |       |       |       |       ||     3
       Held in net/web   |       |       |       |     1 |       |       |       |       |       ||     1
       Confused          |       |       |       |       |     1 |       |       |       |       ||     1
       Sleeping          |       |       |       |       |       |     1 |       |       |       ||     1
  Eat: Chunk             |     1 |     5 |    14 |    26 |    30 |    20 |    26 |    17 |       ||   139
       Ration            |       |       |       |       |     1 |     2 |       |     3 |       ||     6
Armor: Scale mail        |    54 |    28 |       |    57 |   475 |   396 |       |       |       ||  1010
       Ring mail         |       |    16 |   126 |   216 |       |       |       |       |       ||   358
       Plate armour      |       |       |       |       |       |   191 |    69 |       |       ||   260
       Gold dragon scale |       |       |       |       |       |       |   259 |   509 |   198 ||   966
       Skin              |       |       |       |       |       |       |       |     1 |       ||     1
Dodge: Dodged            |    36 |    30 |   123 |   525 |   841 |   744 |   294 |   447 |   192 ||  3232
Block: Shield            |    76 |    84 |   439 |  1190 |  1929 |   104 |       |       |       ||  3822
       Reflection        |       |     4 |     8 |    13 |    81 |   261 |   189 |   131 |    22 ||   709
       Large shield      |       |       |       |       |       |  2647 |  1337 |  1822 |   753 ||  6559

Table legend:
 A = Spawn XP
 B = Non-spawn XP
 C = Spawn XP percentage of total XP
 D = Spawn monster count
 E = Non-spawn monster count
 F = Spawn count percentage of total count
 G = Total turns spent on level
                    A         B        C        D         E        F      G
               +---------+---------+-------+---------+---------+-------+---------
         Total |    7265 | 1354632 |   0.5 |      16 |    2083 |   0.8 | 41034
               +---------+---------+-------+---------+---------+-------+---------
           D:1 |       0 |      44 |   0.0 |       0 |      28 |   0.0 |   926
           D:2 |       0 |     164 |   0.0 |       0 |      26 |   0.0 |   692
           D:3 |       0 |      61 |   0.0 |       0 |       7 |   0.0 |   921
           D:4 |       0 |    1164 |   0.0 |       0 |      28 |   0.0 |   983
           D:5 |       0 |     769 |   0.0 |       0 |      23 |   0.0 |   712
           D:6 |       0 |    2127 |   0.0 |       0 |      22 |   0.0 |   975
           D:7 |       0 |    2677 |   0.0 |       0 |      44 |   0.0 |  1401
           D:8 |       0 |    1900 |   0.0 |       0 |      26 |   0.0 |   693
           D:9 |       0 |    1479 |   0.0 |       0 |      11 |   0.0 |   832
          D:10 |       0 |    3890 |   0.0 |       0 |      31 |   0.0 |   768
          D:11 |       0 |    5712 |   0.0 |       0 |      38 |   0.0 |   933
          D:12 |       0 |    7262 |   0.0 |       0 |      45 |   0.0 |  1036
          D:13 |       0 |   14933 |   0.0 |       0 |      31 |   0.0 |   952
          D:14 |       0 |   14565 |   0.0 |       0 |      35 |   0.0 |   923
          D:15 |       0 |   16589 |   0.0 |       0 |      30 |   0.0 |   769
        Lair:1 |       0 |    3435 |   0.0 |       0 |      24 |   0.0 |   863
        Lair:2 |       0 |    4166 |   0.0 |       0 |      17 |   0.0 |   927
        Lair:3 |       0 |    3508 |   0.0 |       0 |      15 |   0.0 |   678
        Lair:4 |       0 |    4575 |   0.0 |       0 |      14 |   0.0 |   779
        Lair:5 |       0 |    9563 |   0.0 |       0 |      39 |   0.0 |   897
        Lair:6 |       0 |   21785 |   0.0 |       0 |      86 |   0.0 |  1512
      Shoals:1 |       0 |   18847 |   0.0 |       0 |      32 |   0.0 |   694
      Shoals:2 |       0 |   12898 |   0.0 |       0 |      28 |   0.0 |   707
      Shoals:3 |       0 |   21632 |   0.0 |       0 |      46 |   0.0 |   860
      Shoals:4 |       0 |   61325 |   0.0 |       0 |      85 |   0.0 |  1272
       Snake:1 |       0 |   18747 |   0.0 |       0 |      34 |   0.0 |   853
       Snake:2 |       0 |   39431 |   0.0 |       0 |      55 |   0.0 |   983
       Snake:3 |     201 |   22924 |   0.9 |       1 |      42 |   2.3 |  1172
       Snake:4 |       0 |   52462 |   0.0 |       0 |      77 |   0.0 |  1413
         Orc:1 |       0 |    2832 |   0.0 |       0 |      23 |   0.0 |   484
         Orc:2 |       0 |   12306 |   0.0 |       0 |      62 |   0.0 |   983
         Elf:1 |       0 |   34086 |   0.0 |       0 |      56 |   0.0 |   986
         Elf:2 |       0 |   13235 |   0.0 |       0 |      21 |   0.0 |   565
         Elf:3 |       0 |   69561 |   0.0 |       0 |      66 |   0.0 |  1099
      Vaults:1 |       0 |   49713 |   0.0 |       0 |      84 |   0.0 |  1295
      Vaults:2 |       0 |   88029 |   0.0 |       0 |     129 |   0.0 |  1268
      Vaults:3 |       0 |   68503 |   0.0 |       0 |     118 |   0.0 |  1255
      Vaults:4 |       0 |   87602 |   0.0 |       0 |     117 |   0.0 |  1271
      Vaults:5 |       0 |  168827 |   0.0 |       0 |     156 |   0.0 |  1640
      Depths:1 |       0 |   15557 |   0.0 |       0 |      19 |   0.0 |   189
      Depths:2 |       0 |   36666 |   0.0 |       0 |      29 |   0.0 |   335
      Depths:3 |       0 |    1432 |   0.0 |       0 |       1 |   0.0 |    50
      Depths:4 |       0 |   31440 |   0.0 |       0 |      38 |   0.0 |   384
      Depths:5 |       0 |   46814 |   0.0 |       0 |      37 |   0.0 |   286
         Zot:1 |       0 |   14953 |   0.0 |       0 |      10 |   0.0 |   103
         Zot:2 |       0 |     512 |   0.0 |       0 |       1 |   0.0 |    35
         Zot:4 |       0 |    8148 |   0.0 |       0 |       4 |   0.0 |    56
         Zot:5 |       0 |  231217 |   0.0 |       0 |      80 |   0.0 |   935
       Abyss:2 |    7064 |     825 |  89.5 |      15 |       2 |  88.2 |   296
           Lab |       0 |    1254 |   0.0 |       0 |       1 |   0.0 |   186
         IceCv |       0 |    2486 |   0.0 |       0 |      10 |   0.0 |   120
               +---------+---------+-------+---------+---------+-------+---------
